 Dungeon Crawl Stone Soup version 0.30.0-19-g36f170ea60 (webtiles) character file.

Game seed: 1596798747253732019

15197 Graphine the Grappler (level 11, 0/105 HPs)
             Began as a Troll Monk on May 28, 2023.
             Was an Initiate of Ashenzari.
             Slain by an ice beast (2 damage)
             ... summoned by Fannar
             ... on level 1 of the Lair of Beasts.
             The game lasted 00:40:43 (8065 turns).

Graphine the Grappler (Troll Monk)                  Turns: 8065, Time: 00:40:45

Health: 0/105      AC: 10    Str: 25    XL:     11   Next: 98%
Magic:  16/16      EV: 11    Int:  7    God:    Ashenzari [......]
Gold:   880        SH:  0    Dex: 10    Spells: 14/18 levels left

rFire   . .          .
                       - Unarmed
rCold   + . .        (no shield)
rNeg    + . .        z - +0 steam dragon scales
rPois   +            C - +1 hat
rElec   .            s - +1 cloak {rCorr}
rCorr   +            (gloves unavailable)
SInv    +            (boots unavailable)
Will    .....        w - amulet of regeneration
Stlth   +            d - ring "Chained Together" {rC+ rN+ Int+3 SInv, Self, Melee} (curse)
HPRegen 1.97/turn    u - +4 ring of slaying
MPRegen 0.15/turn

%: no passive effects
@: mighty, slowed, very slow
A: large, unfitting armour, claws 3, regeneration 1, shaggy fur 1, tough skin 1,
clumsy 1, dopey 1, poison resistance
a: Renounce Religion, Curse Item, Shatter the Chains


You were on level 1 of the Lair of Beasts.
You worshipped Ashenzari.
Ashenzari was noncommittal.
You visited 2 branches of the dungeon, and saw 11 of its levels.

You collected 880 gold pieces.

Inventory:

Hand Weapons
 y - a +5 rapier of flaming
 E - a +6 dagger of pain
 G - a +2 dagger of protection
Armour
 a - a scarf of invisibility
 c - an orb of light
 s - a +1 cloak of preservation (worn)
 z - +0 steam dragon scales (worn)
 C - a +1 hat (worn)
Jewellery
 d - the cursed ring "Chained Together" (left claw) {rC+ rN+ Int+3 SInv, Self, Melee}
   (You acquired it on level 2 of the Dungeon)

   [ring of see invisible]

   Int:       It affects your intelligence (+3).
   rC:        It protects you from cold.
   rN:        It protects you from negative energy.
   SInv:      It lets you see invisible.
   It has a curse which improves the following skills: Introspection: Fighting
   and Spellcasting.
   Melee Combat: Short Blades, Long Blades, Axes, Maces & Flails, Polearms,
   Staves and Unarmed Combat.
 f - a +6 ring of intelligence
 r - a ring of ice
 u - a +4 ring of slaying (right claw)
 w - an amulet of regeneration (around neck)
 x - a ring of poison resistance
 F - a +6 ring of intelligence
Wands
 e - a wand of polymorph (24)
 l - a wand of mindburst (5)
 o - a wand of flame (5)
 p - a wand of iceblast (5)
 v - a wand of charming (23)
 H - a wand of light (29)
Scrolls
 g - 2 scrolls of brand weapon
 h - a scroll of enchant weapon
 i - 4 scrolls of teleportation
 k - a scroll of amnesia
 q - a scroll of fog
 B - 4 scrolls of noise
Potions
 b - 2 potions of ambrosia
 j - 6 potions of curing
 m - 4 potions of haste
 n - a potion of might
 t - 4 potions of degeneration
 A - a potion of lignification {unknown}
 D - a potion of brilliance


   Skills:
 * Level 5.7(6.1) Fighting
 - Level 2.1 Armour
 + Level 5.0 Dodging
 - Level 0.6 Stealth
 * Level 14.0(14.3) Unarmed Combat
 * Level 3.8(4.2) Spellcasting
 * Level 4.9 Transmutations
 * Level 5.2 Earth Magic
 + Level 0.3 Evocations


You had 14 spell levels left.
You knew the following spells:

 Your Spells              Type           Power      Damage    Failure   Level
a - Petrify               Tmut/Erth      8%         N/A       36%         4

Your spell library contained the following spells:

 Spells                   Type           Power      Damage    Failure   Level
 Shock                    Conj/Air       4%         1d3       30%         1
 Slow                     Hex            4%         N/A       30%         1
 Poisonous Vapours        Pois/Air       2%         N/A       43%         2
 Scorch                   Fire           2%         2d5       43%         2
 Confusing Touch          Hex            1%         N/A       67%         3
 Mephitic Cloud           Conj/Pois/Air  1%         N/A       67%         3
 Portal Projectile        Hex/Tloc       2%         N/A       67%         3
 Swiftness                Air            1%         N/A       67%         3
 Tukima's Dance           Hex            1%         N/A       67%         3
 Vampiric Draining        Necr           1%         2d6       67%         3
 Blade Hands              Tmut           4%         N/A       75%         5
 Airstrike                Air            0%         2d(1-17)  97%         4
 Flame Wave               Conj/Fire      1%         2d4       97%         4
 Statue Form              Tmut/Erth      5%         N/A       99%         6
 Fireball                 Conj/Fire      0%         3d3       100%        5
 Freezing Cloud           Conj/Ice/Air   0%         6-21      100%        5
 Iskenderun's Battlesphe  Conj           1%         2d6       100%        5
 Metabolic Englaciation   Hex/Ice        0%         N/A       100%        5
 Conjure Ball Lightning   Conj/Air       0%         3x3d6     100%        6
 Summon Cactus Giant      Summ           0%         N/A       100%        6
 Orb of Destruction       Conj           0%         9d5       100%        7


Dungeon Overview and Level Annotations

Branches:
Dungeon (10/15)            Temple (0/1) D:4            Lair (1/5) D:10
    Orc: D:9-12

Altars:
Ashenzari
Dithmenos
Gozag
Hepliaklqana
Kikubaaqudgha
Qazlal
Sif Muna
Vehumet
Yredelemnul

Shops:
D:2 (   D:4 *   D:6 [

Annotations:
Lair:1 Fannar


Innate Abilities, Weirdness & Mutations

You are too large for most types of armour.
You have claws for hands.
Your natural rate of healing is unusually fast.
You are covered in fur. (AC +1)
You have tough skin. (AC +1)
You are clumsy. (Dex -2)
You are dopey. (Int -2)
Your system is resistant to poisons. (rPois)


Message History

The ice beast hits you but does no damage.
Fannar completely misses you. The blink frog hits you!
Attack: -) Claws
Press: ? - help, Dir - move target, f/p - Fannar
Aim: Fannar, wielding a +0 quarterstaff of freezing, wearing a +2 robe of cold resistance and wearing a ring of ice (about 40% to evade your claws)
You miss Fannar. Your claw misses Fannar.
The ice beast hits you but does no damage.
The blink frog hits you but does no damage.
The torpor snail bites you!
* * * LOW HITPOINT WARNING * * *
Aiming: Bolt of Light
Press: ? - help, Shift-Dir - straight line, f/p - Fannar
Aim: Fannar, wielding a +0 quarterstaff of freezing, wearing a +2 robe of cold resistance and wearing a ring of ice (53% to hit)
The bolt of light hits Fannar!
Fannar is lightly wounded.
Fannar is blinded.
The bolt of light hits the dream sheep!
The dream sheep is severely wounded.
The dream sheep is blinded.
You hear a howl!
The blink frog barely misses you.
Fannar hits you with a +0 quarterstaff of freezing!
* * * LOW HITPOINT WARNING * * *
The blink frog hits you!
* * * LOW HITPOINT WARNING * * *
The blink frog blinks! x2; The ice beast closely misses you. x2
The torpor snail bites you!
* * * LOW HITPOINT WARNING * * *
The ice beast hits you but does no damage.
Fannar barely misses you.
Attack: -) Claws
Press: ? - help, Dir - move target, f/p - Fannar
Aim: Fannar, wielding a +0 quarterstaff of freezing, wearing a +2 robe of cold resistance and wearing a ring of ice (lightly wounded, blind, about 40% to evade your claws)
You mangle Fannar!!
Fannar is moderately wounded.
The blink frog barely misses you.
The ice beast hits you but does no damage.
The ice beast hits you.
* * * LOW HITPOINT WARNING * * *
The ice beast freezes you. You resist.
You die...

.# #....#....# .##
##.......## ..#
#........### ..##
##....[....# ...##
##..†.....## ....#
##......#.# ..###
#.F......# ..#
#.YY...### ..##
#.@F....# ...#
##Yew...## ...###
#..Y.....# .....##
##........# .......#
####.....>F.##
........##P..........#
...##...............##
#### ##.........h...#
# #.#...........# ###


You could see Fannar (blind), a torpor snail, 3 blink frogs, 3 ice beasts, a
wolf and a dream sheep (blind).

Vanquished Creatures
  2 two-headed ogres
  Nergalle (Lair:1)
  A deep elf pyromancer (D:8)
  An ugly thing (D:9)
  The ghost of kuniqs the Covert, a novice SpEn of Elyvilon (D:8)
  2 black mambas (Lair:1)
  3 elephants (Lair:1)
  An ice statue (D:8)
  A gargoyle (D:9)
  2 cane toads (Lair:1)
  A kobold demonologist (D:10)
  2 komodo dragons (Lair:1)
  2 hornets
  A troll (D:9)
  Prince Ribbit (D:5)
  A blink frog (Lair:1)
  2 dream sheep (Lair:1)
  A spriggan (D:8)
  A shadow (D:10)
  6 yaks (D:10)
  Sigmund (D:3)
  3 wraiths
  4 wyverns
  Eustachio (D:6)
  Menkaure (D:6)
  2 steam dragons
  Duvessa (D:6)
  3 acid dragons
  5 water moccasins
  An ice beast (D:7)
  Pargi (D:3)
  A sky beast (D:8)
  An orc warrior (D:9)
  3 centaurs
  4 wolves (Lair:1)
  A kobold brigand (D:9)
  4 gnoll sergeants
  7 bullfrogs
  6 scorpions
  8 wights
  Dowan (D:6)
  A killer bee (D:8)
  2 howler monkeys
  5 electric eels (D:10)
  An orc priest (D:4)
  4 hounds
  2 jellies
  A sleepcap (D:7)
  Jessica (D:3)
  2 iguanas (D:5)
  8 orc wizards
  15 gnolls
  7 adders
  A shadow imp (D:4)
  A white imp (D:8)
  2 ufetubi
  A worm (D:2)
  2 dart slugs
  32 orcs
  3 bats
  6 endoplasms
  7 giant cockroaches
  9 goblins
  8 hobgoblins
  3 jackals (D:1)
  4 quokkas
  5 ball pythons
  3 frilled lizards
  12 kobolds
  4 rats
  A spectral orc (D:4)
245 creatures vanquished.

Vanquished Creatures (others)
  2 orcs (D:8)
2 creatures vanquished.

Grand Total: 247 creatures vanquished

Notes
Turn   | Place    | Note
-------+----------+-------------------------------------------
     0 | D:1      | Graphine the Troll Monk began the quest for the Orb.
     0 | D:1      | Reached XP level 1. HP: 22/22 MP: 0/0
    67 | D:1      | You fall into a shaft and drop 1 floor!
    82 | D:2      | Reached XP level 2. HP: 29/29 MP: 1/1
   431 | D:2      | Reached XP level 3. HP: 36/36 MP: 2/2
   431 | D:2      | Identified a scroll of acquirement
   431 | D:2      | Acquired the ring of Fegaucu {rC+ rN+ Int+3 SInv}
   505 | D:2      | Found Etugh's Antique Weapon Emporium.
   921 | D:1      | Reached skill level 4 in Unarmed Combat
  1106 | D:1      | Reached XP level 4. HP: 44/44 MP: 3/3
  1256 | D:3      | Noticed Sigmund
  1265 | D:3      | Killed Sigmund
  1266 | D:3      | Reached skill level 5 in Unarmed Combat
  1266 | D:3      | Reached skill level 1 in Transmutations
  1266 | D:3      | Reached XP level 5. HP: 27/52 MP: 3/5
  1316 | D:3      | Reached XP level 6. HP: 59/61 MP: 6/6
  1330 | D:3      | Identified the +7 trident "Death Rattle" {freeze, Str-5
                  | Int+3 Dex+2}
  1342 | D:3      | Found a radiant altar of Vehumet.
  1499 | D:3      | Reached skill level 1 in Earth Magic
  1588 | D:3      | Noticed Jessica
  1596 | D:3      | Killed Jessica
  1599 | D:3      | Found a shimmering blue altar of Sif Muna.
  1666 | D:4      | Reached skill level 1 in Spellcasting
  1826 | D:4      | Reached XP level 7. HP: 67/67 MP: 7/7
  1872 | D:3      | Noticed Pargi
  1892 | D:3      | Killed Pargi
  1893 | D:3      | Reached skill level 6 in Unarmed Combat
  2008 | D:4      | Found a broken altar of Ashenzari.
  2064 | D:4      | Became a worshipper of Ashenzari the Shackled
  2123 | D:4      | Found a staircase to the Ecumenical Temple.
  2160 | D:4      | Found Arogy's General Store.
  2586 | D:4      | Found a hazy altar of Hepliaklqana.
  2761 | D:5      | Entered Level 5 of the Dungeon
  2810 | D:5      | Noticed Prince Ribbit
  2845 | D:5      | Killed Prince Ribbit
  2846 | D:5      | Reached skill level 7 in Unarmed Combat
  2846 | D:5      | Reached XP level 8. HP: 55/78 MP: 9/9
  2903 | D:5      | Found an ancient bone altar of Kikubaaqudgha.
  3058 | D:5      | Reached skill level 1 in Armour
  3448 | D:6      | Noticed Duvessa
  3450 | D:6      | Noticed Eustachio
  3478 | D:6      | Killed Eustachio
  3495 | D:6      | Killed Duvessa
  3627 | D:6      | Noticed Dowan
  3642 | D:6      | Killed Dowan
  3699 | D:6      | Reached skill level 8 in Unarmed Combat
  3700 | D:6      | Found Wualeti's Armour Shop.
  3845 | D:6      | Found a shadowy altar of Dithmenos.
  3845 | D:6      | Found a stormy altar of Qazlal.
  3851 | D:6      | Found a faded altar of an unknown god.
  3853 | D:6      | Found an opulent altar of Gozag.
  3855 | D:6      | Found a faded altar of an unknown god.
  3899 | D:6      | Noticed Menkaure
  3904 | D:6      | Killed Menkaure
  3990 | D:7      | Reached XP level 9. HP: 85/85 MP: 11/11
  4605 | D:7      | Gained mutation: Your system is resistant to poisons.
                  | (rPois) [potion of mutation]
  4605 | D:7      | Gained mutation: You are dopey. (Int -2) [potion of
                  | mutation]
  4605 | D:7      | Gained mutation: You are clumsy. (Dex -2) [potion of
                  | mutation]
  4679 | D:8      | Identified the +1 robe "Uthrethrur" {Str+4}
  4725 | D:8      | Found a transporter.
  4730 | D:8      | Noticed a deep elf pyromancer
  4732 | D:8      | Noticed kuniqs's ghost (novice SpEn)
  4740 | D:8      | Found a transporter.
  4742 | D:8      | Noticed an ice statue
  4753 | D:8      | Paralysed by a hornet for 3 turns
  4759 | D:8      | Reached skill level 9 in Unarmed Combat
  4861 | D:8      | Killed kuniqs's ghost
  4862 | D:8      | Reached skill level 10 in Unarmed Combat
  4870 | D:8      | Reached XP level 10. HP: 60/96 MP: 13/13
  4900 | D:8      | Killed a deep elf pyromancer
  4947 | D:8      | Killed an ice statue
  5014 | D:8      | Found a sand-covered staircase.
  5324 | D:8      | Noticed a two-headed ogre
  5335 | D:8      | Killed a two-headed ogre
  5336 | D:8      | Reached skill level 5 in Fighting
  5336 | D:8      | Reached skill level 11 in Unarmed Combat
  5837 | D:9      | Noticed a purple ugly thing
  5842 | D:9      | Killed a purple ugly thing
  5923 | D:9      | Noticed a two-headed ogre
  5934 | D:9      | Killed a two-headed ogre
  6229 | D:9      | Reached skill level 12 in Unarmed Combat
  6321 | D:9      | Learned a level 4 spell: Petrify
  6355 | D:9      | Reached XP level 11. HP: 99/104 MP: 11/15
  6863 | D:10     | Entered Level 10 of the Dungeon
  6915 | D:10     | Found a staircase to the Lair.
  6938 | D:10     | Paralysed by a hornet for 2 turns
  7244 | D:10     | Noticed a boulder beetle
  7244 | D:10     | Noticed a boulder beetle
  7621 | D:10     | Found a basalt altar of Yredelemnul.
  7686 | Lair:1   | Entered Level 1 of the Lair of Beasts
  7755 | Lair:1   | Reached skill level 13 in Unarmed Combat
  7806 | Lair:1   | Reached skill level 5 in Earth Magic
  7905 | Lair:1   | Noticed Nergalle
  7914 | Lair:1   | Killed Nergalle
  7973 | Lair:1   | Noticed Fannar
  7993 | Lair:1   | Reached skill level 5 in Dodging
  8055 | Lair:1   | Reached skill level 14 in Unarmed Combat
  8064 | Lair:1   | HP: 1/105 [torpor snail (9)]
  8065 | Lair:1   | Slain by an ice beast

Illustrated notes

Levels and vault maps discovered:
D:1:      amcnicky_arrival_choice, layout_rooms
D:2:      layout_basic, serial_shops, shop
D:3:      layout_rooms, amcnicky_altar_gilded, tgw_sif, uniq_sigmund, uniq_pargi
D:4:      minmay_wonky_spiral, layout_gridville,
          nicolae_hepliaklqana_monster_ancestors, ashenzari_conservatory_becter,
          minmay_temple_entry_metal_lava, serial_shops,
          nicolae_shop_hallway_plus, grunt_decor_mini_mirrors
D:5:      layout_loops_cross, mainiacjoe_overflow_cross_hatched, fountainhead,
          uniq_prince_ribbit1
D:6:      layout_cave_pools, chequers_temple_overflow_minitemple, serial_shops,
          shop, uniq_menkaure, uniq_duvessa, uniq_eustachio
D:7:      layout_loops_ring
D:8:      layout_layer_cave, nicolae_ossuary_entry_monument, nzn_ghost_randoct,
          the_hattery
D:9:      layout_stronghold
D:10:     wad_river_or_something, layout_basic, kennysheep_mini_moat,
          lightli_corner_chamber
Lair:1:   layout_hall_layers, uniq_fannar, uniq_nergalle

Skill      XL: |  1  2  3  4  5  6  7  8  9 10 11 |
---------------+----------------------------------+-----
Unarmed Combat | 4 5 7 8 10 12 14 | 14.0
Transmutations | 1 2 3 4 |  4.9
Fighting       | 3 4 5 |  5.7
Earth Magic    | 1 2 3 4 5 |  5.2
Spellcasting   | 1 2 3 |  3.8
Dodging        | 3 4 5 |  5.0
Armour         | 1 2 |  2.1
Stealth        | |  0.6
Evocations     | |  0.3

Action                     |  1- 3 |  4- 6 |  7- 9 | 10-12 || total
---------------------------+-------+-------+-------+-------++-------
  Melee: Unarmed           |    96 |    83 |   241 |   299 ||   719
         Punch             |     3 |     2 |     9 |    23 ||    37
   Cast: Petrify           |       |       |       |     1 ||     1
 Invoke: Curse Item        |       |       |     1 |       ||     1
  Evoke: Wand              |       |       |     1 |     8 ||     9
    Use: Scroll            |     1 |     4 |     8 |    10 ||    23
         Potion            |       |     2 |     6 |     8 ||    16
   Stab: Sleeping          |     2 |       |     2 |     2 ||     6
         Invisible         |       |       |       |     4 ||     4
 Armour: Robe              |    36 |    28 |    17 |       ||    81
         Troll leather arm |       |       |    65 |       ||    65
         Steam dragon scal |       |       |    12 |    98 ||   110
  Dodge: Dodged            |    37 |    46 |   127 |   176 ||   386
